 Dungeon Crawl Stone Soup version 0.30.0-17-ge0270778cf (webtiles) character file.

Game seed: 16953081708067401013

6683 meatpath the Geomancer (level 11, -5/67 HPs)
             Began as a Gargoyle Earth Elementalist on May 22, 2023.
             Was a Follower of Sif Muna.
             Hit by a large rock thrown by a cyclops (22 damage)
             ... on level 9 of the Dungeon.
             The game lasted 00:49:53 (11487 turns).

meatpath the Geomancer (GrEE)                      Turns: 11487, Time: 00:49:54

Health: -5/67      AC: 13    Str: 14    XL:     11   Next: 3%
Magic:  2/18       EV: 11    Int: 21    God:    Sif Muna [*.....]
Gold:   492        SH:  0    Dex: 10    Spells: 7/20 levels left

rFire   + + .        s - +4 mace "Ceoss" {flame, rPois rN+ Str+3 Stlth+}
rCold   . . .        (no shield)
rNeg    + + .        j - +0 leather armour
rPois   ∞            (no helmet)
rElec   +            (no cloak)
rCorr   .            f - +0 pair of gloves
SInv    .            G - +0 pair of boots
Will    .....        (no amulet)
Stlth   +++          m - ring of protection from fire
HPRegen 0.31/turn    F - ring of protection from fire
MPRegen 0.16/turn

%: no passive effects
@: no status effects
A: sickness immunity, AC +8, negative energy resistance 1, electricity
resistance, torment resistance 1, petrification resistance
a: Renounce Religion, Channel Magic


You were on level 9 of the Dungeon.
You worshipped Sif Muna.
Sif Muna was aware of your devotion.
You visited 2 branches of the dungeon, and saw 10 of its levels.
You also visited: Ossuary.

You collected 492 gold pieces.

Inventory:

Hand Weapons
 s - the +4 mace "Ceoss" (weapon) {flame, rPois rN+ Str+3 Stlth+}
   (You found it on level 4 of the Dungeon)

   Str:       It affects your strength (+3).
   rPois:     It protects you from poison.
   rN:        It protects you from negative energy.
   Stlth:     It makes you more stealthy.
Missiles
 h - 11 boomerangs
 l - 43 poisoned darts
Armour
 f - a +0 pair of gloves (worn)
 j - a +0 leather armour (worn)
 G - a +0 pair of boots (worn)
 M - a +0 robe of fire resistance
Magical Staves
 L - a staff of fire
Jewellery
 m - a ring of protection from fire (left hand)
 D - a ring of ice
 F - a ring of protection from fire (right hand)
Wands
 q - a wand of flame (47)
 t - a wand of mindburst (29)
 I - a wand of paralysis (11)
 J - a wand of polymorph (9)
 N - a wand of roots (15)
Scrolls
 a - 2 scrolls of amnesia
 c - 2 scrolls of brand weapon
 d - 6 scrolls of noise
 e - 3 scrolls of blinking
 o - 3 scrolls of fear
 p - a scroll of summoning
 u - a scroll of enchant weapon
 v - 4 scrolls of teleportation
 x - 4 scrolls of vulnerability {unknown}
 y - 5 scrolls of immolation {unknown}
 C - 2 scrolls of silence {unknown}
 K - a scroll of acquirement {unknown}
 O - 2 scrolls of magic mapping {unknown}
Potions
 b - a potion of magic
 g - 2 potions of lignification
 i - 6 potions of attraction
 k - 3 potions of mutation {unknown}
 n - 3 potions of brilliance {unknown}
 r - 3 potions of ambrosia {unknown}
 w - 3 potions of degeneration {unknown}
 z - 4 potions of flight {unknown}
 A - 3 potions of curing {unknown}
 B - a potion of berserk rage {unknown}
 E - a potion of might {unknown}
 H - 3 potions of cancellation {unknown}
 P - a potion of heal wounds {unknown}


   Skills:
 - Level 7.5 Fighting
 - Level 4.0 Maces & Flails
 - Level 1.5 Dodging
 - Level 2.1 Stealth
 - Level 5.0 Spellcasting
 - Level 6.6 Conjurations
 + Level 7.9 Transmutations
 + Level 9.4 Earth Magic


You had 7 spell levels left.
You knew the following spells:

 Your Spells              Type           Power      Damage    Failure   Level
a - Sandblast             Erth           90%        2d19      1%          1
b - Stone Arrow           Conj/Erth      78%        3d11      1%          3
c - Petrify               Tmut/Erth      41%        N/A       3%          4
d - Lee's Rapid Deconstr  Erth           22%        3d13*     8%          5

Your spell library contained the following spells:

 Spells                   Type           Power      Damage    Failure   Level
 Passwall                 Tmut/Erth      34%        N/A       1%          2
 Kiss of Death            Conj/Necr      76%        2d11      3%          1
 Apportation              Tloc           10%        N/A       14%         1
 Necrotise                Necr           20%        1d5       14%         1
 Slow                     Hex            20%        N/A       14%         1
 Summon Small Mammal      Summ           20%        N/A       14%         1
 Leda's Liquefaction      Hex/Erth       12%        N/A       21%         4
 Confusing Touch          Hex            5%         N/A       38%         3
 Vampiric Draining        Necr           5%         2d6       38%         3
 Dispel Undead            Necr           5%         3d7       80%         4
 Conjure Ball Lightning   Conj/Air       9%         3x3d6     99%         6
 Discord                  Hex            2%         N/A       100%        8
 Disjunction              Tloc           2%         N/A       100%        8
 Statue Form              Tmut/Erth      Unusable   N/A       N/A         6

Dungeon Overview and Level Annotations

Branches:
Dungeon (9/15)             Temple (1/1) D:5            Lair (0/5) D:8
Ossuary (visited)
    Orc: D:9-12

Altars:
Cheibriados
Dithmenos
Elyvilon
Fedhas
Gozag
Hepliaklqana
Kikubaaqudgha
Makhleb
Nemelex Xobeh
Okawaru
Qazlal
Ru
Sif Muna
Trog
Uskayaw
Vehumet
Wu Jian
Xom
Yredelemnul
Zin
The Shining One
Lugonu

Annotations:
D:5 2 exclusions
D:8 3 runed translucent doors, Pimp's ghost, novice DsFi
D:9 2 exclusions


Innate Abilities, Weirdness & Mutations

You are immune to sickness and miasma.
Your stone body is resilient. (AC +8)
You are immune to poison.
You resist negative energy. (rN+)
You are resistant to electric shocks. (rElec)
You are resistant to unholy torment.
You are immune to petrification.


Message History

You sock the yak! You burn the yak.
The yak is almost dead.
The yak completely misses you. The yak closely misses you.
You hit the yak. You burn the yak.
The yak is almost dead.
The yak gores you.
You hit the yak but do no damage.
The yak is almost dead.
The yak barely misses you.
You hit the yak. You burn the yak.
You kill the yak!
Sif Muna accepts your kill.
You have reached level 11!
You hit the yak. You burn the yak.
The yak is lightly wounded.
The yak gores you but does no damage.
You hit the yak. You burn the yak.
The yak is moderately wounded.
The yak gores you! x2
You are too injured to fight recklessly!
You are too injured to fight recklessly!
Casting: Sandblast (safe; 1% risk of failure)
Confirm with . or Enter, or press ? or * to list all spells.
Aiming: Sandblast (safe; 1% risk of failure)
Press: ? - help, Shift-Dir - straight line, f - yak
Aim: a yak (moderately wounded, 91% to hit)
The blast of sand hits the yak!!
The yak is severely wounded.
The yak gores you!
* * * LOW HITPOINT WARNING * * *
Casting: Sandblast (safe; 1% risk of failure)
Confirm with . or Enter, or press ? or * to list all spells.
Aiming: Sandblast (safe; 1% risk of failure)
Press: ? - help, Shift-Dir - straight line, f/p - yak
Aim: a yak (severely wounded, 91% to hit)
The blast of sand hits the yak!!
You kill the yak!
Sif Muna accepts your kill.
The cyclops throws a large rock.
The large rock hits you!!
You die...

..#....####........# #.......###
..####...##........####..........
..# ###..'........'.##.......###
..# ####........#..#.......# #
..# ####C######.........# # ###
#.### ##'###....# ## #...#
#≈~≈~≈##.### .# ###.# #~≈~≈~##.#
.## ######@###≈~≈~≈##.## ..#
#######........#≈≈~≈≈##..#
..###........>.....###+#####.####
..#...#####..........#.....>....#
....### #........#.##.........#
..### #........#............. ..#
#........####.........# ..#
#........# #.........# ..#
#........# #.........#


You could see a cyclops.

Vanquished Creatures
  A manticore (D:8)
  3 trolls (D:9)
  Grinder (D:3)
  Sigmund (D:2)
  5 yaks
  Eustachio (D:5)
  Menkaure (Ossuary)
  5 water moccasins
  3 black bears
  2 ice beasts
  2 orc warriors (D:8)
  4 sky beasts (D:7)
  3 ogres
  2 centaurs
  2 kobold brigands
  6 bullfrogs
  2 scorpions (D:5)
  A necrophage (D:5)
  2 water moccasin zombies (D:5)
  11 wights
  2 killer bees (D:7)
  2 howler monkeys
  2 bullfrog zombies (D:5)
  A jelly (D:6)
  3 orc priests (D:7)
  2 hounds
  A gnoll bouda (D:5)
  A human zombie (D:5)
  Jessica (D:2)
  Terence (D:3)
  2 iguanas
  6 orc wizards
  2 hound zombies (D:5)
  4 mummies
  3 gnolls (D:5)
  5 adders
  4 white imps
  An ufetubus (D:6)
  A worm zombie (D:4)
  22 orcs
  3 ball pythons
  4 endoplasms
  A giant cockroach (D:2)
  4 gnoll zombies (Ossuary)
  7 goblins
  10 hobgoblins
  7 jackals
  15 kobolds
  5 quokkas
  3 bats
  3 frilled lizards
  7 gnoll skeletons (Ossuary)
  5 goblin skeletons (Ossuary)
  5 goblin zombies (Ossuary)
  2 hobgoblin skeletons (Ossuary)
  6 hobgoblin zombies (Ossuary)
  5 kobold skeletons (Ossuary)
  6 kobold zombies (Ossuary)
  4 orc skeletons (Ossuary)
  2 orc zombies (Ossuary)
  4 rats
  2 rat skeletons (Ossuary)
  2 rat zombies (Ossuary)
236 creatures vanquished.

Notes
Turn   | Place    | Note
-------+----------+-------------------------------------------
     0 | D:1      | meatpath the Gargoyle Earth Elementalist began the quest
                  | for the Orb.
     0 | D:1      | Reached XP level 1. HP: 10/10 MP: 3/3
   171 | D:1      | Reached skill level 1 in Transmutations
   395 | D:1      | Reached XP level 2. HP: 15/15 MP: 1/5
   540 | D:1      | Reached skill level 4 in Earth Magic
   885 | D:1      | Reached XP level 3. HP: 19/19 MP: 2/6
  1189 | D:2      | Learned a level 3 spell: Stone Arrow
  1219 | D:2      | Noticed Sigmund
  1523 | D:2      | Noticed Jessica
  1534 | D:2      | Killed Jessica
  1535 | D:2      | Reached skill level 1 in Conjurations
  1535 | D:2      | Reached XP level 4. HP: 24/24 MP: 3/8
  2123 | D:3      | Noticed Grinder
  2133 | D:3      | Paralysed by Grinder for 5 turns
  2140 | D:3      | Paralysed by Grinder for 2 turns
  2142 | D:3      | Killed Grinder
  2143 | D:3      | Reached skill level 5 in Earth Magic
  2143 | D:3      | Reached XP level 5. HP: 27/28 MP: 0/10
  2143 | D:3      | Reached XP level 6. HP: 31/32 MP: 0/11
  2462 | D:3      | Found a faded altar of an unknown god.
  2505 | D:3      | Noticed Terence
  2629 | D:3      | Killed Terence
  2799 | D:3      | Noticed a water moccasin
  2847 | D:3      | Killed a water moccasin
  2848 | D:3      | Reached skill level 6 in Earth Magic
  3056 | D:3      | Learned a level 4 spell: Petrify
  3335 | D:4      | Reached XP level 7. HP: 36/36 MP: 10/13
  3405 | D:4      | Identified the +4 mace "Ceoss" {flame, rPois rN+ Str+3
                  | Stlth+}
  3638 | D:4      | Reached skill level 1 in Fighting
  4053 | D:4      | Found a sand-covered staircase.
  4066 | Ossuary  | Entered an ossuary
  4532 | Ossuary  | Noticed Menkaure
  4538 | Ossuary  | Killed Menkaure
  4978 | D:2      | Killed Sigmund
  4979 | D:2      | Reached skill level 5 in Conjurations
  4979 | D:2      | Reached skill level 7 in Earth Magic
  4979 | D:2      | Reached XP level 8. HP: 46/46 MP: 7/14
  5101 | D:5      | Entered Level 5 of the Dungeon
  5235 | D:5      | Reached skill level 1 in Maces & Flails
  5408 | D:5      | Found a sparkling altar of Nemelex Xobeh.
  5496 | D:5      | Found a staircase to the Ecumenical Temple.
  5507 | Temple   | Entered the Ecumenical Temple
  5563 | D:5      | Noticed Eustachio
  5573 | D:5      | Killed Eustachio
  5574 | D:5      | Reached skill level 8 in Earth Magic
  6055 | D:5      | Reached XP level 9. HP: 41/51 MP: 11/15
  6174 | D:5      | Found a basalt altar of Yredelemnul.
  6315 | D:5      | Reached skill level 5 in Spellcasting
  7199 | D:6      | You fall into a shaft and drop 2 floors!
  7303 | D:8      | Found a stormy altar of Qazlal.
  7906 | D:6      | Reached skill level 5 in Transmutations
  8052 | D:7      | Found a burning altar of Makhleb.
  8379 | D:7      | Reached XP level 10. HP: 58/58 MP: 13/17
  8413 | D:7      | Reached skill level 5 in Fighting
  8655 | D:7      | Found a glowing silver altar of Zin.
  8661 | D:7      | Found a white marble altar of Elyvilon.
  8733 | D:7      | Found a shimmering blue altar of Sif Muna.
  9272 | D:7      | Became a worshipper of Sif Muna the Loreminder
  9441 | D:8      | Noticed a manticore
  9486 | D:8      | Killed a manticore
  9792 | D:8      | Found a runed translucent gate.
  9792 | D:8      | Found a runed translucent gate.
  9792 | D:8      | Found a runed translucent gate.
  9794 | D:8      | Noticed a ten-headed hydra
  9795 | D:8      | Noticed Pimp's ghost (novice DsFi)
  9838 | D:8      | Found a staircase to the Lair.
  9972 | D:8      | Found an iron altar of Okawaru.
  9972 | D:8      | Found a bloodstained altar of Trog.
  9988 | D:8      | Learned a level 5 spell: Lee's Rapid Deconstruction
 10234 | D:8      | Found a radiant altar of Vehumet.
 10235 | D:8      | Found a hide-covered altar of Uskayaw.
 10235 | D:8      | Found a shadowy altar of Dithmenos.
 10235 | D:8      | Found a snail-covered altar of Cheibriados.
 10241 | D:8      | Found an ancient bone altar of Kikubaaqudgha.
 10246 | D:8      | Found a hazy altar of Hepliaklqana.
 10963 | D:9      | Noticed a cyclops
 11053 | D:9      | Reached * piety under Sif Muna
 11468 | D:9      | Reached skill level 9 in Earth Magic
 11483 | D:9      | Reached XP level 11. HP: 42/67 MP: 3/18
 11487 | D:9      | Hit by a large rock thrown by a cyclops

Illustrated notes

Levels and vault maps discovered:
D:1:      scummos_arrival_simple_crosswalls, layout_loops_ring,
          serial_co_window_serial, co_window_of_opportunity_a,
          co_window_cross_1, co_window_corner_a, co_window_paths_a,
          co_window_paths_a, co_window_paths_a, co_window_paths_b,
          co_window_broadway_b, co_window_corner_b, co_window_paths_c
D:2:      layout_loops_ring, serial_aquarium, aquarium_bridge_straight
          [aquarium_subvault_bridge, aquarium_subvault_wall,
          aquarium_subvault_bridge, aquarium_subvault_window],
          aquarium_bridge_straight [aquarium_subvault_bridge,
          aquarium_subvault_window, aquarium_subvault_bridge,
          aquarium_subvault_wall], aquarium_window_corner, aquarium_window_fake,
          aquarium_window_1, aquarium_view_2d, aquarium_view_2e,
          aquarium_balcony_3a, aquarium_pool_corner, minmay_misc_feat_alley,
          grunt_decor_resistance, uniq_jessica, uniq_sigmund
D:3:      layout_basic, serial_curves, eino_curves_03, eino_curves_02,
          shapermc_ecumenical_altar_petra, uniq_grinder, uniq_terence
D:4:      layout_basic, enter_ossuary_3, minmay_statues_item
D:5:      layout_cave_pools, lemuel_mausoleum_altar_yredelemnul,
          nemelex_spade_bored_becter, minmay_temple_entry_statues_pillars,
          minmay_misc_feat_four_crosses, chequers_decorated_corner,
          serial_park_tiny_2, uniq_eustachio
D:6:      layout_basic
D:7:      layout_cave_pools, mainiacjoe_overflow_catwalk,
          nicolae_overflow_hidden_temple, lemuel_doored_altar,
          mainiacjoe_overflow_tiny_flanked, minmay_fractal_squares_5
D:8:      layout_loops_ring, minmay_overflow_temple_hex,
          grunt_temple_overflow_open, grunt_lair_entry_orc_guard_hut,
          gammafunk_ghost_hydra_chop, minmay_misc_feat_more_columns
D:9:      layout_roguey, chequers_serial_rivers_room_b,
          kennysheep_generic_room_11
Temple:   corrupted_temple

Skill      XL: |  1  2  3  4  5  6  7  8  9 10 |
---------------+-------------------------------+-----
Transmutations | 1 3 5 7 |  7.9
Earth Magic    | 4 5 6 7 8 9 |  9.4
Conjurations   | 1 3 5 6 |  6.6
Spellcasting   | 3 4 5 |  5.0
Fighting       | 3 4 7 |  7.5
Maces & Flails | 3 4 |  4.0
Dodging        | |  1.5
Stealth        | |  2.1

Action                     |  1- 3 |  4- 6 |  7- 9 | 10-12 || total
---------------------------+-------+-------+-------+-------++-------
  Melee: Spear             |     3 |     2 |       |       ||     5
         Mace              |       |       |    59 |    62 ||   121
         Punch             |       |       |       |     1 ||     1
   Cast: Sandblast         |    40 |    53 |   151 |    44 ||   288
         Stone Arrow       |       |     1 |    52 |    52 ||   105
         Petrify           |       |       |     1 |     1 ||     2
    Use: Scroll            |     1 |     5 |     5 |     1 ||    12
 Armour: Leather armour    |     4 |     6 |    43 |    34 ||    87
  Dodge: Dodged            |    11 |    13 |    48 |    51 ||   123
